 Dungeon Crawl Stone Soup version 0.26.1-11-gd32895ea62 (webtiles) character file.

Game seed: 1380516732201915929

175 Zeld the Skirmisher (level 5, -2/37 HPs)
             Began as an Octopode Monk on May 17, 2021.
             Slain by Terence
             ... wielding a +2 hand axe of electrocution
              (9 damage)
             ... on level 3 of the Dungeon.
             The game lasted 00:02:16 (3712 turns).

Zeld the Skirmisher (Octopode Monk)                 Turns: 3712, Time: 00:02:17

Health: -2/37      AC:  1    Str: 10    XL:     5   Next: 55%
Magic:  8/8        EV: 15    Int: 12    God:
Gold:   171        SH:  0    Dex: 16    Spells: 8/8 levels left

rFire    . . .     SeeInvis .     - Unarmed
rCold    . . .     Faith    .   (no shield)
rNeg     . . .     Spirit   .   (helmet restricted)
rPois    .         Reflect  .   (no amulet)
rElec    .         Harm     .   (no ring)
rCorr    .         Rampage  .   (no ring)
Will     .....                  (no ring)
Stlth    +++.......             (no ring)
HPRegen  0.12/turn              (no ring)
MPRegen  0.11/turn              (no ring)
                                (no ring)
                                (no ring)

@: no status effects
A: almost no armour, stealthy swim, amphibious, 8 rings, constrict 8, camouflage
1, gelatinous body 1
a: no special abilities


You were on level 3 of the Dungeon.
You visited 1 branch of the dungeon, and saw 3 of its levels.

You collected 171 gold pieces.

Inventory:

Scrolls
 a - 3 scrolls of remove curse {unknown}
 f - a scroll of random uselessness {unknown}
 i - a scroll of blinking {unknown}
 j - a scroll of teleportation {unknown}
 k - a scroll of enchant armour {unknown}
 l - a scroll of identify {unknown}
 m - a scroll of amnesia {unknown}
Potions
 b - a potion of might {unknown}
 c - a potion of ambrosia {unknown}
 d - a potion of haste {unknown}
 e - a potion of degeneration {unknown}
 g - a potion of heal wounds {unknown}
 h - a potion of cancellation {unknown}


   Skills:
 * Level 4.2 Fighting
 * Level 4.2 Dodging
 - Level 2.6 Stealth
 - Level 3.0 Unarmed Combat
 * Level 2.4 Spellcasting


You had 8 spell levels left.
You didn't know any spells.
Your spell library was empty.

Dungeon Overview and Level Annotations

Branches:
Dungeon (3/15)

Altars:
Nemelex Xobeh
Sif Muna

Annotations:
D:2 exclusion: ogre
D:3 Terence


Innate Abilities, Weirdness & Mutations

You cannot wear most types of armour.
You are very stealthy in the water. (Stealth+)
You are amphibious.
You can wear up to eight rings at the same time.
You can use your tentacles to constrict eight enemies at once.
Your skin changes colour to match your surroundings (Stealth+).
Your rubbery body absorbs attacks. (AC +1, EV +1)


Message History

Things that are here:
a leopard gecko corpse; a leopard gecko corpse You see here a quokka corpse.
The gnoll throws a stone.
The stone hits you.
The gnoll throws a stone.
The stone misses you.
You see here a stone.
The gnoll throws a stone.
The stone hits you!
* * * LOW HITPOINT WARNING * * *
You see here a stone.
The gnoll throws a stone.
The stone closely misses you.
You see here a stone.
You open the door.
Terence the Incautious comes into view.
He is wielding a +2 hand axe of electrocution.
The gnoll throws a stone.
The stone barely misses you.
Found a stone staircase leading up.
A bat comes into view.
There is an open door here.
You close the door.
Terence hits you with a +2 hand axe of electrocution!
You die...

#.##........##.## #
##.############.# ##
#...# #.# .# #...# #+##
.# #...# #...##
.######.#### #.....#
....# #.##.## ##.......
....###.#...####....<...
..g..†.†.g..(.(+@.......
.######.#..(####.@......
.# #.##.## ##....... .#
#.#### #.....# ## #.#
#...## #.# #..b. #..
.### ##. #


You could see Terence and a bat (asleep).

Vanquished Creatures
  A scorpion (D:3)
  5 adders
  2 worms (D:2)
  2 dart slugs (D:1)
  5 leopard geckos
  An orc (D:2)
  3 bats
  4 giant cockroaches
  5 goblins
  6 hobgoblins
  9 jackals (D:2)
  9 kobolds
  A quokka (D:3)
  A ball python (D:1)
  5 frilled lizards
  2 rats
61 creatures vanquished.

Notes
Turn   | Place    | Note
-------+----------+-------------------------------------------
     0 | D:1      | Zeld the Octopode Monk began the quest for the Orb.
     0 | D:1      | Reached XP level 1. HP: 16/16 MP: 1/1
   196 | D:1      | Found a sparkling altar of Nemelex Xobeh.
   245 | D:1      | Reached XP level 2. HP: 21/21 MP: 2/2
   421 | D:1      | Reached skill level 1 in Spellcasting
   585 | D:1      | Reached XP level 3. HP: 25/26 MP: 4/4
  1573 | D:2      | Found a shimmering blue altar of Sif Muna.
  1612 | D:2      | Noticed an ogre
  1623 | D:2      | Reached XP level 4. HP: 32/33 MP: 6/6
  2309 | D:2      | Found a faded altar of an unknown god.
  3289 | D:3      | Reached XP level 5. HP: 26/37 MP: 8/8
  3709 | D:3      | Noticed Terence
  3712 | D:3      | Slain by Terence

Illustrated notes

Levels and vault maps discovered:
D:1:      lightli_arrival_quake, layout_basic, st_stairs_2,
          nemelex_diamond_rough_becter
D:2:      layout_basic, lemuel_blue_sif_altar, chequers_ecumenical_altar_island,
          grunt_ministairs_7
D:3:      layout_loops_corners, uniq_crazy_yiuf_cottage, uniq_terence

Skill      XL: |  1  2  3  4 |
---------------+-------------+-----
Spellcasting   | 1 2 |  2.4
Fighting       | 4 |  4.2
Dodging        | 4 |  4.2
Stealth        | |  2.6
Unarmed Combat | |  3.0

Action                   |  1- 3 |  4- 6 || total
-------------------------+-------+-------++-------
Melee: Unarmed           |    71 |    74 ||   145
       Constrict         |    21 |    20 ||    41
       Tentacles         |    16 |    11 ||    27
       Punch             |     4 |     1 ||     5
 Stab: Sleeping          |     8 |     7 ||    15
       Distracted        |       |     1 ||     1
Armor: Skin              |     1 |     1 ||     2
Dodge: Dodged            |    40 |    56 ||    96
